 Dungeon Crawl Stone Soup version 0.28-a0-425-gd0eccab798 (webtiles) character file.

Game seed: 12473264742168122768

10671 siradein the Destroyer (level 11, -1/93 HPs)
             Began as a Vine Stalker Conjurer on Sept 10, 2021.
             Was a Priest of Vehumet.
             Slain by an orc (2 damage)
             ... in a bailey.
             The game lasted 00:42:45 (9447 turns).

siradein the Destroyer (Vine Stalker Conjurer)      Turns: 9447, Time: 00:42:47

Health: -1/93      AC: 14    Str: 10    XL:     11   Next: 65%
Magic:  0/25       EV: 11    Int: 24    God:    Vehumet [***...]
Gold:   547        SH:  0    Dex: 13    Spells: 11/28 levels left

rFire   . . .      SeeInvis .   D - staff of conjuration
rCold   . . .      Faith    .   (no shield)
rNeg    + . .      Spirit   +   G - +0 troll leather armour
rPois   .          Reflect  .   F - +1 hat {Stlth+}
rElec   .          Harm     .   i - +1 cloak
rCorr   .          Rampage  .   w - +5 pair of gloves of Qozuul {Int+3}
Will    +....                   l - +0 pair of boots
Stlth   ..........              o - amulet of magic regeneration
HPRegen 2.25/turn               x - ring of positive energy
MPRegen 0.44/turn               a - +4 ring of slaying

@: berserking, studying Fighting, very quick
A: fangs 3, regeneration 1, magic shield, antimagic bite, no potion heal 2
a: Renounce Religion


You were in a bailey.
You worshipped Vehumet.
Vehumet was most pleased with you.
You visited 2 branches of the dungeon, and saw 11 of its levels.
You also visited: Bailey.

You collected 547 gold pieces.

Inventory:

Armour
 i - a +1 cloak (worn)
 l - a +0 pair of boots (worn)
 w - the +5 pair of gloves of Qozuul (worn) {Int+3}
   (You found it on level 7 of the Dungeon)

   Int:       It affects your intelligence (+3).
 F - a +1 hat of stealth (worn)
 G - a +0 troll leather armour (worn)
Magical Staves
 r - a staff of fire
 y - a staff of cold
 D - a staff of conjuration (weapon)
Jewellery
 a - a +4 ring of slaying (right hand)
 o - an amulet of magic regeneration (around neck)
 x - a ring of positive energy (left hand)
Wands
 c - a wand of iceblast (4)
 t - a wand of charming (10)
Scrolls
 b - a scroll of amnesia {unknown}
 f - 2 scrolls of enchant armour
 k - a scroll of teleportation {unknown}
 m - a scroll of blinking {unknown}
 n - 2 scrolls of immolation {unknown}
 u - a scroll of magic mapping
Potions
 e - 2 potions of haste
 g - 2 potions of heal wounds
 j - 2 potions of lignification
 q - a potion of mutation
 v - 3 potions of brilliance


   Skills:
 + Level 9.3 Fighting
 - Level 1.5 Dodging
 - Level 2.4 Stealth
 + Level 9.2 Spellcasting
 + Level 9.7 Conjurations
 + Level 7.2 Hexes
 + Level 7.2 Translocations
 + Level 3.2 Evocations


You had 11 spell levels left.
You knew the following spells:

 Your Spells              Type           Power      Damage    Failure   Level
a - Magic Dart            Conj           100%       1d8       1%          1
b - Searing Ray           Conj           100%       2d8       1%          2
c - Dazzling Flash        Conj/Hex       100%       N/A       1%          3
d - Fulminant Prism       Conj/Hex       33%        3d16      1%          4
e - Iskenderun's Mystic   Conj/Tloc      67%        2d14      1%          4
f - Stone Arrow           Conj/Erth      100%       3d13      1%          3

Your spell library contained the following spells:

 Spells                   Type           Power      Damage    Failure   Level
 Mephitic Cloud           Conj/Pois/Air  40%        N/A       1%          3
 Portal Projectile        Hex/Tloc       90%        N/A       1%          3
 Leda's Liquefaction      Hex/Erth       14%        N/A       19%         4
 Call Canine Familiar     Summ           11%        N/A       24%         3


Dungeon Overview and Level Annotations

Branches:
Dungeon (10/15)            Temple (1/1) D:4          Bailey (1/1)
   Lair: D:8-11         Orc: D:9-12

Altars:
Ashenzari
Dithmenos
Elyvilon
Fedhas
Gozag
Hepliaklqana
Kikubaaqudgha
Makhleb
Okawaru
Qazlal
Ru
Sif Muna
Trog
Uskayaw
Vehumet
Wu Jian
Xom
Yredelemnul
Zin
The Shining One

Shops:
D:8 (


Innate Abilities, Weirdness & Mutations

You have razor-sharp teeth.
Your natural rate of healing is unusually fast.
When hurt, damage is shared between your health and your magic reserves.
Your bite disrupts and absorbs the magic of your enemies.
Potions cannot restore your health.


Message History

* * * LOW HITPOINT WARNING * * *
The orc warrior closely misses you. The gnoll barely misses you.
You hit the gnoll!
You kill the gnoll!
Vehumet accepts your kill.
You feel your power returning. The orc warrior closely misses you.
The orc warrior hits you with a +0 hand axe!
* * * LOW HITPOINT WARNING * * *
The hobgoblin hits you with a +0 hand axe.
* * * LOW HITPOINT WARNING * * *
You closely miss the orc warrior.
The orc warrior is heavily wounded.
The orc warrior closely misses you.
The orc warrior hits you with a +0 broad axe!
* * * LOW HITPOINT WARNING * * *
The hobgoblin hits you but does no damage.
The orc hits you but does no damage.
You hit the orc warrior. You bite the orc warrior. You drain its power.
You feel invigorated.
The orc warrior is severely wounded.
The orc warrior closely misses you. x2
The hobgoblin hits you but does no damage.
You closely miss the orc warrior.
The orc warrior is severely wounded.
The orc warrior hits you but does no damage.
The orc barely misses you.
The orc warrior hits you with a +0 hand axe.
* * * LOW HITPOINT WARNING * * *
The orc misses you. The hobgoblin barely misses you.
You closely miss the orc warrior.
The orc warrior is severely wounded.
Unknown command.
You barely miss the orc warrior.
The orc warrior is severely wounded.
The orc warrior hits you with a +0 broad axe.
* * * LOW HITPOINT WARNING * * *
The orc warrior hits you with a +0 hand axe.
* * * LOW HITPOINT WARNING * * *
The orc hits you with a +0 war axe.
You die... ### ##8## ##o@o## #8ogo8#

##§§§##
######§######
#∩..(≈§≈(..∩#
#'###≈§≈###+#
#...K≈§≈(...#
#'###≈g≈###+#
*^,,K≈.≈K,,,*


You could see 2 orc warriors, 2 orcs and a hobgoblin.

Vanquished Creatures
  Gastronok (D:9)
  Harold (D:8)
  A two-headed ogre (D:9)
  An orc sorcerer (D:7)
  Maurice (D:9)
  Psyche (D:8)
  A troll (D:9)
  Sigmund (D:3)
  A shadow (D:7)
  5 yaks (D:9)
  A wyvern (D:9)
  A human (D:7)
  4 hogs (D:7)
  4 vampire mosquitoes (D:9)
  Grum (D:9)
  A water moccasin (D:5)
  8 orc warriors
  An ice beast (D:4)
  A sky beast (D:6)
  4 ogres
  4 necrophages
  3 wolves (D:9)
  5 centaurs
  A phantom (D:7)
  2 bullfrogs
  A wyvern zombie (D:7)
  2 scorpions
  A water moccasin zombie (D:6)
  3 wights (D:8)
  3 howler monkeys (D:8)
  3 centaur zombies
  A jelly (D:5)
  5 orc priests
  3 centaur skeletons
  2 hounds
  3 iguanas
  6 orc wizards
  A hound skeleton (D:5)
  A howler monkey zombie (D:7)
  6 gnolls
  7 adders
  2 shadow imps
  A white imp (D:6)
  2 adder skeletons (D:5)
  3 dart slugs (D:1)
  28 orcs
  9 endoplasms
  5 giant cockroaches
  13 goblins
  7 hobgoblins
  12 jackals
  10 kobolds
  6 quokkas
  13 ball pythons
  4 bats
  A frilled lizard (D:1)
  5 rats
224 creatures vanquished.

Vanquished Creatures (others)
  4 fulminant prisms
4 creatures vanquished.

Grand Total: 228 creatures vanquished

Notes
Turn   | Place    | Note
-------+----------+-------------------------------------------
     0 | D:1      | siradein the Vine Stalker Conjurer began the quest for the
                  | Orb.
     0 | D:1      | Reached XP level 1. HP: 9/9 MP: 4/4
   299 | D:1      | Reached XP level 2. HP: 13/13 MP: 2/6
  1029 | D:1      | Found a faded altar of an unknown god.
  1100 | D:1      | Learned a level 2 spell: Searing Ray
  1196 | D:1      | Reached XP level 3. HP: 12/16 MP: 2/8
  2062 | D:2      | Gained mutation: Your natural rate of healing is unusually
                  | fast. [Vine Stalker growth]
  2062 | D:2      | Reached XP level 4. HP: 21/21 MP: 7/10
  2066 | D:2      | Learned a level 3 spell: Dazzling Flash
  2110 | D:2      | Found a broken altar of Ashenzari.
  2593 | D:2      | You fall into a shaft and drop 2 floors!
  2736 | D:3      | Reached skill level 5 in Conjurations
  2847 | D:3      | Learned a level 4 spell: Fulminant Prism
  3042 | D:3      | Reached XP level 5. HP: 17/24 MP: 1/11
  3154 | D:3      | Noticed an ogre
  3160 | D:3      | Killed an ogre
  3224 | D:3      | Reached XP level 6. HP: 28/28 MP: 7/13
  3498 | D:3      | Noticed Sigmund
  3605 | D:3      | Killed Sigmund
  3606 | D:3      | Reached skill level 5 in Spellcasting
  3826 | D:3      | Found a shadowy altar of Dithmenos.
  4057 | D:4      | Found a staircase to the Ecumenical Temple.
  4081 | Temple   | Entered the Ecumenical Temple
  4365 | Temple   | Became a worshipper of Vehumet
  4432 | D:4      | Learned a level 4 spell: Iskenderun's Mystic Blast
  4578 | D:4      | Reached XP level 7. HP: 32/32 MP: 14/16
  4719 | D:4      | Reached skill level 1 in Hexes
  4719 | D:4      | Reached skill level 1 in Translocations
  4999 | D:5      | Entered Level 5 of the Dungeon
  5004 | D:5      | Reached skill level 1 in Fighting
  5505 | D:5      | Gained mutation: You have razor-sharp teeth. [Vine Stalker
                  | growth]
  5505 | D:5      | Reached XP level 8. HP: 39/39 MP: 13/17
  5780 | D:5      | Found a shimmering altar of Xom.
  5947 | D:6      | Reached * piety under Vehumet
  5947 | D:6      | Offered knowledge of Foxfire by Vehumet.
  6541 | D:6      | Reached XP level 9. HP: 46/46 MP: 15/20
  6710 | D:7      | Noticed an orc sorcerer
  6719 | D:7      | Killed an orc sorcerer
  6720 | D:7      | Reached skill level 5 in Fighting
  6829 | D:7      | Identified the +5 pair of gloves of Qozuul {Int+3}
  6889 | D:7      | Reached ** piety under Vehumet
  6889 | D:7      | Offered knowledge of Static Discharge by Vehumet.
  6892 | D:7      | Reached skill level 5 in Translocations
  6894 | D:7      | Reached skill level 5 in Hexes
  6938 | D:7      | Reached XP level 10. HP: 52/53 MP: 19/22
  7362 | D:8      | Noticed Psyche
  7430 | D:8      | Found Itianacs's Weapon Emporium.
  7626 | D:8      | Noticed Harold
  7726 | D:8      | Offered knowledge of Stone Arrow by Vehumet.
  7728 | D:8      | Killed Psyche
  7729 | D:8      | Killed Harold
  8285 | D:8      | Learned a level 3 spell: Stone Arrow
  8362 | D:9      | Noticed a two-headed ogre
  8369 | D:9      | Reached *** piety under Vehumet
  8372 | D:9      | Killed a two-headed ogre
  8373 | D:9      | Reached skill level 1 in Evocations
  8373 | D:9      | Reached XP level 11. HP: 56/60 MP: 8/24
  8478 | D:9      | Noticed Grum
  8484 | D:9      | Killed Grum
  8701 | D:9      | Noticed Maurice
  8711 | D:9      | Noticed Gastronok
  8731 | D:9      | Killed Maurice
  8772 | D:9      | Killed Gastronok
  8859 | D:9      | Offered knowledge of Mephitic Cloud by Vehumet.
  9036 | D:9      | Found a sacrificial altar of Ru.
  9366 | D:10     | Entered Level 10 of the Dungeon
  9366 | D:10     | Found a flagged portal.
  9385 | Bailey   | Entered a bailey
  9443 | Bailey   | HP: 1/93 [orc warrior (9)]
  9447 | Bailey   | Slain by an orc

Illustrated notes

Levels and vault maps discovered:
D:1:      wander_arrival_desolate, layout_loops_corners,
          ebering_ecumenical_altar_hall, due_unseen_surprise
D:2:      minmay_alternating_diamond, layout_basic, basic_altar
D:3:      layout_loops_cross, nicolae_dithmenos_through_a_glass_darkly,
          uniq_sigmund
D:4:      layout_basic, minmay_temple_entry_tees, minmay_manual_monstrance
D:5:      layout_basic, kennysheep_diamond, solitary_fountain,
          amcnicky_mini_corridor_feature, nrook_mini_backslash
D:6:      layout_basic
D:7:      cheibrodos_wizards_tower, layout_cave_pools, st_stairs_4,
          minmay_misc_feat_hallway, supply_closet_lemuel, corexii_checkpoint_a,
          kb_lookout_dungeons_type, grunt_livestock
D:8:      layout_cave_pools, serial_shops, nicolae_shop_trees, uniq_psyche,
          uniq_harold
D:9:      layout_loops_ring, lemuel_coloured_pillars_altar,
          kennysheep_generic_room_11, uniq_grum, uniq_maurice, uniq_gastronok
D:10:     layout_irregular_city, minitemple, dpeg_oklobed_lair, enter_bailey_5,
          uniq_nergalle, uniq_urug
Temple:   dpeg_five_rooms_temple
Bailey:   bailey_axe_1, bailey

Skill      XL: |  1  2  3  4  5  6  7  8  9 10 11 |
---------------+----------------------------------+-----
Spellcasting   | 3 4 5 6 7 8 9 |  9.2
Conjurations   | 5 6 7 8 9 |  9.7
Hexes          | 2 3 5 6 7 |  7.2
Translocations | 2 3 5 6 7 |  7.2
Fighting       | 2 4 6 8 9 |  9.3
Evocations     | 1 3 |  3.2
Dodging        | |  1.5
Stealth        | |  2.4

Action                   |  1- 3 |  4- 6 |  7- 9 | 10-12 || total
-------------------------+-------+-------+-------+-------++-------
Melee: Unarmed           |    45 |       |       |       ||    45
       Bite              |    10 |     4 |     9 |    12 ||    35
       Scythe            |       |    13 |    78 |    31 ||   122
       Staff             |       |       |       |    14 ||    14
 Cast: Magic Dart        |    64 |    48 |    10 |     2 ||   124
       Searing Ray       |     7 |    16 |    39 |    43 ||   105
       Dazzling Flash    |       |       |     6 |     3 ||     9
       Fulminant Prism   |       |       |     2 |     2 ||     4
       Iskenderun's Myst |       |       |       |    27 ||    27
       Stone Arrow       |       |       |       |    22 ||    22
  Use: Scroll            |       |       |       |    13 ||    13
       Potion            |       |       |       |     4 ||     4
 Stab: Sleeping          |       |       |       |     2 ||     2
Armor: Robe              |    20 |     8 |   109 |    75 ||   212
       Troll leather arm |       |       |       |    30 ||    30
Dodge: Dodged            |    42 |    18 |   161 |   118 ||   339

Table legend: (Time is in decaauts)
 A = Elapsed time spent in this place.
 B = Non-inter-level travel time spent in this place.
 C = Inter-level travel time spent in this place.
 D = Time resting spent in this place.
 E = Time spent auto-exploring this place.
 F = Levels seen in this place.
 G = Mean time per level.
                   A        B        C        D        E       F      G
               +--------+--------+--------+--------+--------+-----+--------+
         Total |   9606 |   9329 |    277 |    164 |   7102 |  12 |  800.5 |
       Dungeon |   9209 |   8983 |    226 |    164 |   6856 |  10 |  920.9 |
        Temple |    335 |    284 |     51 |      0 |    246 |   1 |  335.0 |
        Bailey |     61 |     61 |      0 |      0 |      0 |   1 |   61.0 |
               +--------+--------+--------+--------+--------+-----+--------+

Top non-repeatable levels by time:
     D:1: 1671 daAuts
     D:3: 1244 daAuts
     D:9: 1083 daAuts
     D:5: 944 daAuts
     D:2: 921 daAuts
     D:7: 906 daAuts
     D:4: 845 daAuts
     D:8: 807 daAuts
     D:6: 766 daAuts
  Temple: 335 daAuts
  Bailey: 61 daAuts
    D:10: 19 daAuts
